 Dungeon Crawl Stone Soup version 0.30.0-29-ga12c61a403 (webtiles) character file.

Game seed: 5257034989026119583

156 Bnni the Digger (level 5, 0/37 HPs)
             Began as a Formicid Earth Elementalist on June 21, 2023.
             Slain by a gnoll bouda
             ... wielding a +0 club
              (2 damage)
             ... on level 4 of the Dungeon.
             The game lasted 00:04:35 (3031 turns).

Bnni the Digger (Formicid Earth Elementalist)       Turns: 3031, Time: 00:04:35

Health: 0/37       AC:  4    Str: 13    XL:     5   Next: 64%
Magic:  9/9        EV: 11    Int: 16    God:
Gold:   43         SH:  0    Dex: 14    Spells: 3/9 levels left

rFire   + . .        i - +0 falchion (elec)
rCold   . . .        (no shield)
rNeg    . . .        g - +0 leather armour
rPois   .            (helmet unavailable)
rElec   .            v - +0 cloak
rCorr   .            (no gloves)
SInv    +            (no boots)
Will    .....        l - amulet of faith
Stlth   ++           e - ring of protection from fire
HPRegen 0.26/turn    (no ring)
MPRegen 0.11/turn

%: faith
@: no status effects
A: permanent stasis, dig shafts and tunnels, antennae 3, four strong arms
a: Dig, Shaft Self


You were on level 4 of the Dungeon.
You visited 1 branch of the dungeon, and saw 4 of its levels.

You collected 175 gold pieces.
You spent 132 gold pieces at shops.

Inventory:

Hand Weapons
 i - a +0 falchion of electrocution (weapon)
Armour
 f - a +0 plate armour
 g - a +0 leather armour (worn)
 t - a +0 ring mail
 v - a +0 cloak (worn)
Jewellery
 e - a ring of protection from fire (left hand)
 l - an amulet of faith (around neck)
Wands
 z - a wand of flame (16)
Scrolls
 c - a scroll of teleportation {unknown}
 d - 2 scrolls of amnesia {unknown}
 k - 2 scrolls of fog {unknown}
 n - a scroll of blinking {unknown}
 q - a scroll of magic mapping
 s - a scroll of brand weapon
 x - a scroll of poison
 y - a scroll of enchant weapon {unknown}
Potions
 a - a potion of flight {unknown}
 h - a potion of cancellation {unknown}
 j - a potion of heal wounds
 m - a potion of haste {unknown}
 o - 3 potions of might {unknown}
 p - a potion of ambrosia {unknown}
 r - a potion of lignification {unknown}
 u - 3 potions of curing
 w - a potion of brilliance {unknown}


   Skills:
 + Level 1.4 Fighting
 - Level 1.7 Dodging
 - Level 2.4 Stealth
 + Level 2.7 Spellcasting
 * Level 2.0 Conjurations
 * Level 2.7 Transmutations
 * Level 4.8 Earth Magic


You had 3 spell levels left.
You knew the following spells:

 Your Spells              Type           Power      Damage    Failure   Level
a - Sandblast             Erth           34%        2d9       3%          1
b - Passwall              Tmut/Erth      11%        N/A       8%          2
c - Stone Arrow           Conj/Erth      26%        3d8       19%         3

Your spell library contained the following spells:

 Spells                   Type           Power      Damage    Failure   Level
 Magic Dart               Conj           32%        1d4       11%         1
 Sting                    Tmut/Pois      24%        1d4       14%         1
 Searing Ray              Conj           16%        2d5       16%         2
 Momentum Strike          Conj/Tloc      10%        3d8       24%         2
 Lesser Beckoning         Tloc           4%         N/A       36%         2
 Poisonous Vapours        Pois/Air       4%         N/A       36%         2
 Petrify                  Tmut/Erth      14%        N/A       45%         4
 Fulminant Prism          Conj/Hex       2%         3d5       85%         4
 Olgreb's Toxic Radiance  Pois           2%         N/A       94%         4
 Blink                    Tloc           Unusable   N/A       N/A         2

Dungeon Overview and Level Annotations

Branches:
Dungeon (4/15)
 Temple: D:4-7

Altars:
Ru
Sif Muna

Shops:
D:3 !


Innate Abilities, Weirdness & Mutations

You cannot be hasted, slowed, berserked, paralysed or teleported.
You can dig through walls and to a lower floor.
You have a pair of large antennae on your head. (SInv)
Your four strong arms can wield two-handed weapons with a shield.


Message History

Press: ? - help, Q - select action, (/) - cycle Shift-Dir - straight line, f/p - gnoll bouda
Aim: a gnoll bouda, wielding a +0 club and wearing a +0 robe (moderately wounded, 84% to hit)
The blast of sand hits the gnoll bouda.
The gnoll bouda is heavily wounded.
The gnoll closely misses you. x2
The gnoll bouda hits you with a +0 club.
Aiming: Sandblast (safe; 3% risk of failure)
Press: ? - help, Q - select action, (/) - cycle Shift-Dir - straight line, f/p - gnoll bouda
Aim: a gnoll bouda, wielding a +0 club and wearing a +0 robe (heavily wounded, 84% to hit)
The blast of sand hits the gnoll bouda!
The gnoll bouda is almost dead.
The gnoll hits you with a +0 flail. The gnoll closely misses you.
The gnoll bouda hits you but does no damage.
The gnoll misses you.
The gnoll bouda hits you with a +0 club.
The gnoll barely misses you.
You don't have enough magic to cast this spell.
Unknown command.
The gnoll bouda utters an invocation to its god.
The gnoll bouda is healed somewhat.
Aiming: Sandblast (safe; 3% risk of failure)
Press: ? - help, Q - select action, (/) - cycle Shift-Dir - straight line, f/p - gnoll bouda
Aim: a gnoll bouda, wielding a +0 club and wearing a +0 robe (heavily wounded, 84% to hit)
The blast of sand misses the gnoll.
The blast of sand hits the gnoll bouda.
The gnoll bouda is severely wounded.
The gnoll closely misses you. The gnoll hits you with a +0 flail.
The gnoll hits you from afar with a +0 halberd!
* * * LOW HITPOINT WARNING * * *
Unknown command.
You feel much better. The gnoll completely misses you.
Magic courses through your body.
Your attacks no longer feel as feeble.
The gnoll bouda hits you with a +0 club.
The gnoll hits you from afar with a +0 halberd!
* * * LOW HITPOINT WARNING * * *
The gnoll hits you with a +0 flail.
* * * LOW HITPOINT WARNING * * *
The gnoll bouda attacks as you move away!
The gnoll bouda hits you with a +0 club.
You die...

##.................
#...###..............
...####.............. ..##
#............... .##
##...........(.. . .##
#.............# [.
..###..#.........# ..#
...#..##.........# ....
......#....#....@### .....
..#........#....gg.##......
..#...............g.)..#
++####..........>......#
#.................#
##................# {
#......<######...#
...##...# ...# .# #... #..#


You could see a gnoll bouda and 2 gnolls.

Vanquished Creatures
  5 adders
  2 gnolls (D:4)
  2 worms
  2 dart slugs
  6 orcs (D:3)
  3 endoplasms
  3 giant cockroaches
  3 goblins (D:2)
  9 hobgoblins
  7 jackals
  8 quokkas
  2 ball pythons
  2 bats (D:2)
  5 frilled lizards
  7 kobolds
  6 rats
72 creatures vanquished.

Notes
Turn   | Place    | Note
-------+----------+-------------------------------------------
     0 | D:1      | Bnni the Formicid Earth Elementalist began the quest for
                  | the Orb.
     0 | D:1      | Reached XP level 1. HP: 13/13 MP: 3/3
   240 | D:1      | Reached XP level 2. HP: 19/19 MP: 3/5
   731 | D:1      | Reached skill level 1 in Conjurations
   782 | D:1      | Reached skill level 4 in Earth Magic
   782 | D:1      | Reached XP level 3. HP: 19/25 MP: 6/6
  1149 | D:2      | Reached skill level 1 in Fighting
  1149 | D:2      | Reached XP level 4. HP: 31/32 MP: 2/7
  1224 | D:2      | Learned a level 2 spell: Passwall
  1228 | D:2      | Learned a level 3 spell: Stone Arrow
  1490 | D:2      | Found a shimmering blue altar of Sif Muna.
  1909 | D:3      | Reached XP level 5. HP: 37/37 MP: 5/8
  2366 | D:3      | Found Lulypn's Distillery.
  2373 | D:3      | Bought a potion of heal wounds for 60 gold pieces
  2373 | D:3      | Bought a potion of curing for 36 gold pieces
  2373 | D:3      | Bought a potion of curing for 36 gold pieces
  2921 | D:4      | Found a sacrificial altar of Ru.
  3031 | D:4      | Slain by a gnoll bouda

Illustrated notes

Levels and vault maps discovered:
D:1:      dpeg_arrival_simpleton_a, layout_basic, minmay_door_square
D:2:      layout_rooms, basic_altar, minivault_25
D:3:      layout_basic, serial_shops, shop
D:4:      layout_layer_cave, mainiacjoe_overflow_tiny_flanked,
          minmay_temple_entry_overgrown, serial_shops, kennysheep_mini,
          kennysheep_generic_room_6, uniq_ijyb

Skill      XL: |  1  2  3  4  5 |
---------------+----------------+-----
Conjurations   | 1 2 |  2.0
Earth Magic    | 4 |  4.8
Transmutations | 2 |  2.7
Fighting       | 1 |  1.4
Dodging        | |  1.7
Stealth        | |  2.4
Spellcasting   | |  2.7

Action                     |  1- 3 |  4- 6 || total
---------------------------+-------+-------++-------
  Melee: Unarmed           |     9 |       ||     9
         Falchion          |    53 |    33 ||    86
         Punch             |       |     1 ||     1
   Cast: Sandblast         |    21 |    64 ||    85
    Use: Scroll            |       |     3 ||     3
         Potion            |       |     2 ||     2
   Stab: Sleeping          |     2 |     1 ||     3
 Armour: Robe              |     7 |     9 ||    16
         Leather armour    |       |     6 ||     6
  Dodge: Dodged            |    43 |    73 ||   116
